 Dungeon Crawl Stone Soup version 0.31-a0-564-g3b7de120b3 (webtiles) character file.

Game seed: 3694407324663157445

129 Fodor the Covered (level 4, -4/61 HPs)
             Began as a Minotaur Fighter on Aug 17, 2023.
             Slain by an iguana (5 damage)
             ... on level 4 of the Dungeon.
             The game lasted 00:14:06 (2295 turns).

Fodor the Covered (Minotaur Fighter)                Turns: 2295, Time: 00:14:07

Health: -4/61      AC: 22    Str: 23    XL:     4   Next: 88%
Magic:  3/3        EV:  2    Int:  5    God:
Gold:   110        SH:  4    Dex:  9    Spells: 3/3 levels left

rFire   . . .        a - +0 long sword
rCold   . . .        c - +0 buckler
rNeg    . . .        b - melded +0 scale mail
rPois   +            (helmet currently unavailable)
rElec   .            (cloak currently unavailable)
rCorr   .            (gloves currently unavailable)
SInv    .            l - melded +0 pair of boots
Will    .....        j - amulet of faith
Stlth   +            (no ring)
HPRegen 0.30/turn    (no ring)
MPRegen 0.08/turn

%: faith
@: tree-form
A: stationary, stasis, torment immunity, boosted hp, (horns 2), (retaliatory
headbutt)
a: no special abilities


You were on level 4 of the Dungeon.
You were a tree.
You visited 1 branch of the dungeon, and saw 4 of its levels.

You collected 110 gold pieces.

Inventory:

Hand Weapons
 a - a +0 long sword (weapon)
 q - a +0 war axe
Armour
 b - a +0 scale mail (melded)
 c - a +0 buckler (worn)
 l - a +0 pair of boots (melded)
Jewellery
 j - an amulet of faith (around neck)
Talismans
 o - a beast talisman
Scrolls
 e - 2 scrolls of identify {unknown}
 f - a scroll of amnesia {unknown}
 g - 4 scrolls of blinking {unknown}
 i - a scroll of fear {unknown}
 k - 4 scrolls of poison {unknown}
 n - a scroll of enchant weapon {unknown}
Potions
 d - 2 potions of might
 h - a potion of enlightenment {unknown}
 p - a potion of berserk rage {unknown}
 r - a potion of ambrosia {unknown}


   Skills:
 + Level 4.4 Fighting
 + Level 3.9 Long Blades
 + Level 4.6 Armour
 + Level 1.4 Dodging
 + Level 0.1 Stealth
 + Level 4.1 Shields


You had 3 spell levels left.
You didn't know any spells.
Your spell library contained the following spells:

 Spells                   Type           Power      Damage    Failure   Level
 Simulacrum               Ice/Necr       0%         N/A       100%        6
 Ozocubu's Refrigeration  Ice            0%         4d7       100%        7
 Polar Vortex             Ice            0%         N/A       100%        9


Dungeon Overview and Level Annotations

Branches:
Dungeon (4/15)
 Temple: D:4-7

Altars:
Ru

Shops:
D:1 [


Innate Abilities, Weirdness & Mutations

You are a tree.
Your roots penetrate the ground, keeping you stationary.
You cannot be teleported.
You are immune to unholy pain and torment.
Your maximum health is greatly increased.
Your equipment is partially melded.
((You have a pair of horns on your head.))
((You reflexively headbutt those who attack you in melee.))


Message History

You feel stronger.
You hit the iguana but do no damage. The iguana barely misses you.
You closely miss the iguana. Your headbutt misses the iguana.
The iguana bites you but does no damage.
You barely miss the iguana. Your headbutt misses the iguana.
The iguana barely misses you.
You barely miss the iguana. The iguana bites you! The iguana bites you.
You hit the iguana.
You headbutt the iguana, but do no damage.
The iguana is lightly wounded.
The iguana bites you!
* * * LOW HITPOINT WARNING * * *
You completely miss the iguana.
The iguana is lightly wounded.
The iguana bites you.
* * * LOW HITPOINT WARNING * * *
You barely miss the iguana.
The iguana is lightly wounded.
The iguana bites you.
* * * LOW HITPOINT WARNING * * *
It was a potion of lignification.
You turn into a tree.
Your +0 pair of boots melds into your body.
Your +0 scale mail melds into your body.
Your roots penetrate the ground.
The iguana barely misses you.
You hit the iguana but do no damage.
The iguana is lightly wounded.
The iguana bites you but does no damage.
The iguana bites you.
* * * LOW HITPOINT WARNING * * *
You hit the iguana but do no damage.
The iguana is lightly wounded.
The iguana bites you.
* * * LOW HITPOINT WARNING * * *
You hit the iguana but do no damage.
The iguana is lightly wounded.
You block the iguana's attack.
You barely miss the iguana.
The iguana is lightly wounded.
The iguana bites you.
You die...

.........>.
...?...... ..
..........#.###
......... ....
......... ..#
........##.#
#....#..# ###♣l.####
#........#######
#...............
#.............#
##..<........[.#
#.................#
..##..............##
#............).!.
#..........#####.


You could see an iguana.

Vanquished Creatures
  A phantom (D:4)
  An adder (D:2)
  A worm (D:2)
  A dart slug (D:1)
  An orc (D:3)
  4 ball pythons (D:1)
  6 endoplasms
  A giant cockroach (D:1)
  3 goblins
  4 hobgoblins
  7 kobolds
  2 quokkas (D:2)
  A bat (D:1)
  5 frilled lizards
38 creatures vanquished.

Notes
Turn   | Place    | Note
-------+----------+-------------------------------------------
     0 | D:1      | Fodor the Minotaur Fighter began the quest for the Orb.
     0 | D:1      | Reached XP level 1. HP: 19/19 MP: 0/0
    68 | D:1      | Reached XP level 2. HP: 22/27 MP: 1/1
   176 | D:1      | Found Jeadgha's Antique Armour Emporium.
   542 | D:1      | You fall into a shaft and drop 1 floor!
   552 | D:2      | Found a sacrificial altar of Ru.
   846 | D:2      | Reached skill level 1 in Dodging
   846 | D:2      | Reached XP level 3. HP: 32/33 MP: 2/2
  2266 | D:4      | Noticed a phantom
  2283 | D:4      | Killed a phantom
  2284 | D:4      | Reached XP level 4. HP: 25/41 MP: 3/3
  2292 | D:4      | HP: 2/61 [iguana (3)]
  2295 | D:4      | Slain by an iguana

Illustrated notes

Levels and vault maps discovered:
D:1:      lightli_arrival_boilingwater, layout_loops_cross, serial_shops,
          nicolae_diamond_shop
D:2:      layout_loops_ring, basic_altar
D:3:      layout_loops_corners, serial_rivers, chequers_serial_rivers_micro_b,
          chequers_serial_rivers_small_3, chequers_serial_rivers_large_a,
          chequers_serial_rivers_micro_d
D:4:      layout_rooms, serial_shops, shop

Skill      XL: |  1  2  3 |
---------------+----------+-----
Armour         | 4 |  4.6
Shields        | 4 |  4.1
Fighting       | 4 |  4.4
Dodging        | 1 |  1.4
Long Blades    | 3 |  3.9
Stealth        | |  0.1

Action                     |  1- 3 |  4- 6 || total
---------------------------+-------+-------++-------
  Melee: Long sword        |   103 |    11 ||   114
         Headbutt          |    12 |     1 ||    13
    Use: Potion            |       |     1 ||     1
 Armour: Scale mail        |    63 |     1 ||    64
         Skin              |       |     1 ||     1
  Dodge: Dodged            |    47 |     3 ||    50
  Block: Buckler           |    22 |     1 ||    23

Table legend: (Time is in decaauts)
 A = Elapsed time spent in this place.
 B = Non-inter-level travel time spent in this place.
 C = Inter-level travel time spent in this place.
 D = Time resting spent in this place.
 E = Time spent auto-exploring this place.
 F = Levels seen in this place.
 G = Mean time per level.
                   A        B        C        D        E       F      G
               +--------+--------+--------+--------+--------+-----+--------+
         Total |   2350 |   2264 |     86 |     21 |      0 |   4 |  587.5 |
       Dungeon |   2350 |   2264 |     86 |     21 |      0 |   4 |  587.5 |
               +--------+--------+--------+--------+--------+-----+--------+

Top non-repeatable levels by time:
     D:3: 998 daAuts
     D:1: 740 daAuts
     D:2: 576 daAuts
     D:4: 34 daAuts
